 Dungeon Crawl Stone Soup version 0.29-a0-553-g81b289dbe5 (webtiles) character file.

Game seed: 16010266275337840511

102 kae the Firebug (level 4, 0/35 HPs)
             Began as a Demigod Fire Elementalist on June 6, 2022.
             Slain by Grinder (3 damage)
             ... on level 3 of the Dungeon.
             The game lasted 00:02:14 (2655 turns).

kae the Firebug (Demigod Fire Elementalist)         Turns: 2655, Time: 00:02:14

Health: 0/35       AC:  2    Str:  9    XL:     4   Next: 26%
Magic:  2/9        EV: 12    Int: 21    God:
Gold:   153        SH:  0    Dex: 14    Spells: 3/7 levels left

rFire   . . .      SeeInvis .   (no weapon)
rCold   . . .      Faith    .   (no shield)
rNeg    . . .      Spirit   .   a - +0 robe
rPois   .          Reflect  .   (no helmet)
rElec   .          Harm     .   (no cloak)
rCorr   .          Rampage  .   (no gloves)
Will    .....                   (no boots)
Stlth   ++........              (no amulet)
HPRegen 0.11/turn               (no ring)
MPRegen 0.11/turn               (no ring)

@: no status effects
A: high MP 1, forlorn, divine attributes
a: no special abilities


You were on level 3 of the Dungeon.
You visited 1 branch of the dungeon, and saw 3 of its levels.

You collected 153 gold pieces.

Inventory:

Armour
 a - a +0 robe (worn)
Jewellery
 l - a +4 ring of evasion
Wands
 n - a wand of iceblast (13)
Scrolls
 c - a scroll of magic mapping {unknown}
 d - 5 scrolls of teleportation {unknown}
 e - a scroll of blinking {unknown}
 f - 3 scrolls of identify {unknown}
 k - a scroll of immolation {unknown}
 m - a scroll of fog {unknown}
 o - a scroll of noise {unknown}
Potions
 b - 3 potions of magic
 g - a potion of haste {unknown}
 i - a potion of ambrosia {unknown}
 j - 2 potions of mutation {unknown}
 p - a potion of degeneration {unknown}


   Skills:
 + Level 1.1 Fighting
 + Level 2.2 Dodging
 - Level 1.7 Stealth
 + Level 2.1 Spellcasting
 * Level 2.2 Conjurations
 * Level 3.4 Fire Magic


You had 3 spell levels left.
You knew the following spells:

 Your Spells              Type           Power      Damage    Failure   Level
a - Foxfire               Conj/Fire      56%        2x1d6     4%          1
b - Scorch                Fire           32%        2d7       5%          2
c - Summon Small Mammal   Summ           8%         N/A       14%         1

Your spell library contained the following spells:

 Spells                   Type           Power      Damage    Failure   Level
 Conjure Flame            Conj/Fire      14%        6-21      14%         3
 Inner Flame              Hex/Fire       9%         N/A       22%         3
 Call Canine Familiar     Summ           2%         N/A       41%         3
 Summon Guardian Golem    Hex/Summ       2%         N/A       41%         3
 Flame Wave               Conj/Fire      14%        2d6       41%         4


Dungeon Overview and Level Annotations

Branches:
Dungeon (3/15)

Annotations:
D:2 Terence
D:3 Grinder


Innate Abilities, Weirdness & Mutations

You have an increased reservoir of magic. (+10% MP)
You shall have no god before yourself.
Your divine heritage dramatically boosts your attributes as you level up.


Message History

* * * LOW HITPOINT WARNING * * *
You writhe in agony.
* * * LOW HITPOINT WARNING * * *
It was a potion of curing.
You feel better. Grinder gestures at you.
You suddenly lose the ability to move!
Grinder gestures at you.
You shrug off the repeated paralysis!
Grinder is no longer more vulnerable to fire.
Grinder zaps a wand.
The puff of flame hits you.
* * * LOW HITPOINT WARNING * * *
Grinder hits you.
* * * LOW HITPOINT WARNING * * *
You writhe in agony.
* * * LOW HITPOINT WARNING * * *
You can move again.
Unknown command.
Unknown command.
Unknown command.
You feel better. Grinder gestures at you.
You shrug off the repeated paralysis!
Casting: Scorch (safe; 5% risk of failure)
Confirm with . or Enter, or press ? or * to list all spells.
Flames lash Grinder.
Grinder is heavily wounded.
Grinder's fire resistance burns away.
Grinder zaps a wand.
The puff of flame hits you!
* * * LOW HITPOINT WARNING * * *
Grinder closely misses you.
You feel better.
Grinder is no longer more vulnerable to fire.
Grinder zaps a wand.
The puff of flame hits you!
* * * LOW HITPOINT WARNING * * *
Casting: Scorch (safe; 5% risk of failure)
Confirm with . or Enter, or press ? or * to list all spells.
Flames lash Grinder.
Grinder is severely wounded.
Grinder's fire resistance burns away.
Grinder hits you.
You die...

###......#.#
########)# #.# #.# #.#
#.# #.# #####5#####
#...[@..(.#
#..)......#
#.........# ###
#######.........#
...###...†...........#
.....o.#####.........#
...##### #.........#
... #.........# ...
#.........#


You could see Grinder (combustible).

Vanquished Creatures
  An orc priest (D:3)
  An orc wizard (D:3)
  An adder (D:2)
  2 orcs (D:3)
  3 endoplasms
  2 giant cockroaches
  4 goblins
  5 hobgoblins
  4 kobolds
  5 ball pythons
  2 bats
  A frilled lizard (D:2)
  3 rats
34 creatures vanquished.

Vanquished Creatures (others)
  109 foxfires
109 creatures vanquished.

Grand Total: 143 creatures vanquished

Notes
Turn   | Place    | Note
-------+----------+-------------------------------------------
     0 | D:1      | kae the Demigod Fire Elementalist began the quest for the
                  | Orb.
     0 | D:1      | Reached XP level 1. HP: 14/14 MP: 5/5
    88 | D:1      | Reached skill level 1 in Conjurations
   738 | D:1      | Reached XP level 2. HP: 15/20 MP: 4/7
   741 | D:1      | Learned a level 2 spell: Scorch
   934 | D:2      | Noticed Terence
  1235 | D:2      | Reached skill level 3 in Fire Magic
  1464 | D:2      | Reached XP level 3. HP: 27/27 MP: 4/8
  1466 | D:2      | Learned a level 1 spell: Summon Small Mammal
  2183 | D:3      | Reached skill level 1 in Fighting
  2265 | D:3      | Noticed Grinder
  2398 | D:3      | Reached XP level 4. HP: 31/35 MP: 4/9
  2647 | D:3      | Paralysed by Grinder for 4 turns
  2655 | D:3      | Slain by Grinder

Illustrated notes

Levels and vault maps discovered:
D:1:      dpeg_arrival_shrine, layout_loops_cross,
          shapermc_ecumenical_altar_pompeii
D:2:      layout_loops_ring, minmay_tree_intersection, minmay_misc_feat_alley,
          uniq_terence
D:3:      layout_rooms, uniq_grinder

Skill      XL: |  1  2  3 |
---------------+----------+-----
Conjurations   | 1 2 |  2.2
Dodging        | 2 |  2.2
Fire Magic     | 3 |  3.4
Spellcasting   | 2 |  2.1
Fighting       | 1 |  1.1
Stealth        | |  1.7

Action                   |  1- 3 |  4- 6 || total
-------------------------+-------+-------++-------
Melee: Unarmed           |     1 |       ||     1
 Cast: Foxfire           |    48 |    16 ||    64
       Scorch            |    12 |     4 ||    16
       Summon Small Mamm |     1 |       ||     1
  Use: Potion            |       |     3 ||     3
Armor: Robe              |     3 |       ||     3
Dodge: Dodged            |     5 |     1 ||     6

Table legend: (Time is in decaauts)
 A = Elapsed time spent in this place.
 B = Non-inter-level travel time spent in this place.
 C = Inter-level travel time spent in this place.
 D = Time resting spent in this place.
 E = Time spent auto-exploring this place.
 F = Levels seen in this place.
 G = Mean time per level.
                   A        B        C        D        E       F      G
               +--------+--------+--------+--------+--------+-----+--------+
         Total |   2661 |   2441 |    220 |    218 |   1849 |   3 |  887.0 |
       Dungeon |   2661 |   2441 |    220 |    218 |   1849 |   3 |  887.0 |
               +--------+--------+--------+--------+--------+-----+--------+

Top non-repeatable levels by time:
     D:2: 1216 daAuts
     D:1: 1077 daAuts
     D:3: 367 daAuts
